AoeStats
← 鄙人張麻子

Arena

505870212Analyzed
3v3 RM · 21d ago on Sep 11, 2026· 34m 56s· 6 players
Game mode
Random Map
Map size
Normal (6 player)
Population
200
Speed
Normal
Resources
Standard
Victory
Conquest
Starting age
Dark Age
Ending age
Imperial Age
RankedLock teamsTeams togetherTeam positionsShared explorationLock speedFull tech treeHidden civsTurbo modeCheats
Victory
Defeat
🇹🇼 Cumans · Taiwan
1206
+12
🇹🇼 Tupi · Taiwan
1142
+15
🇹🇼 Vietnamese · Taiwan
1001
+21
🇭🇰 Franks · Hong Kong SAR China
1122
-16
🇭🇰 Bohemians · Hong Kong SAR China
1117
-16
🇭🇰 Mongols · Hong Kong SAR China
1110
-16
lkachun9129
12:58 Feudal Age
15:26 Double-Bit Axe
17:46 Castle Age
20:59 Loom
29:47 Imperial Age
27:17 Horse Collar
28:14 Fletching
32:49 Chemistry
KL.Thomas
11:30 Feudal Age
13:06 Loom
15:45 Castle Age
13:40 Double-Bit Axe
13:50 Horse Collar
16:42 Bow Saw
16:35 Heavy Plow
22:32 Gold Mining
26:12 Wheelbarrow
26:18 Fletching
27:37 Hand Cart
27:21 Bodkin Arrow
28:07 Town Watch
29:02 Town Patrol
32:47 Gold Shaft Mining
32:09 Stone Mining
36:20 Imperial Age
slawc8
11:29 Feudal Age
12:28 Double-Bit Axe
15:52 Castle Age
16:47 Loom
17:27 Bow Saw
17:35 Scale Barding Armor
29:30 Forging
33:02 Wheelbarrow
鄙人張麻子
9:00 Feudal Age
10:02 Double-Bit Axe
9:58 Horse Collar
15:28 Wheelbarrow
17:52 Scale Barding Armor
19:58 Castle Age
18:07 Gold Mining
19:21 Forging
20:36 Bloodlines
21:16 Chain Barding Armor
21:08 Bow Saw
20:59 Heavy Plow
26:58 Iron Casting
28:34 Hand Cart
32:41 Imperial Age
29:59 Loom
32:49 Stone Mining
33:10 Cavalier
35:30 Coinage
東塔取蜜
11:39 Feudal Age
14:16 Double-Bit Axe
16:37 Castle Age
14:42 Horse Collar
15:59 Fletching
16:14 Loom
19:48 Bow Saw
24:38 Bodkin Arrow
26:11 Scale Barding Armor
29:09 Forging
32:06 Husbandry
33:13 Chatras
34:08 Wheelbarrow
33:35 Murder Holes
35:07 Chatras
35:20 Bloodlines
老雞白
10:54 Feudal Age
14:31 Castle Age
12:25 Horse Collar
12:34 Double-Bit Axe
12:46 Horse Collar
13:19 Stone Mining
15:31 Bow Saw
15:24 Heavy Plow
23:33 Gold Mining
26:50 Wheelbarrow
26:01 Loom
30:40 Imperial Age
28:26 Hand Cart
27:57 Town Watch
28:10 Fletching
28:21 Padded Archer Armor
28:44 Ballistics
28:57 Bodkin Arrow
30:04 Leather Archer Armor
31:55 Bracer
33:00 Chemistry
32:33 Guard Tower
32:30 Arrowslits
32:18 Pikeman
33:46 Ring Archer Armor
33:17 Scale Mail Armor
33:20 Squires
33:32 Forging
33:39 Curare
34:17 Conscription
33:19 Elite Blackwood Archer
34:35 Hoardings
34:11 Murder Holes
34:52 Keep
33:58 Treadmill Crane
Connection lost

Rejoining the realm…

Still unreachable

The connection could not be restored.

Session expired

The server has moved on; the page needs a fresh start.